 Dungeon Sprint DCSS version 0.31-a0-325-g067879e3d3 (webtiles) character file.

Game seed: 10417392096099178912

1092 Conn the Arsonist (level 8, -10/50 HPs)
             Began as an Octopode Fire Elementalist on July 18, 2023.
             Was a Follower of Sif Muna.
             Mangled by Snorg (15 damage)
             ... in the Dungeon (Sprint III: "The Ten Rune Challenge").
             The game lasted 00:05:47 (863 turns).

Conn the Arsonist (Octopode Fire Elementalist)       Turns: 863, Time: 00:05:47

Health: -10/50     AC:  6    Str:  6    XL:     8   Next: 31%
Magic:  9/22       EV: 14    Int: 24    God:    Sif Muna [*.....]
Gold:   27         SH:  0    Dex: 11    Spells: 2/27 levels left

rFire   . . .        c - +2 long sword (holy)
rCold   . . .        (no shield)
rNeg    . . .        (helmet restricted)
rPois   +            (no amulet)
rElec   .            (no ring)
rCorr   .            (no ring)
SInv    .            (no ring)
Will    +....        (no ring)
Stlth   ++++         (no ring)
HPRegen 0.28/turn    (no ring)
MPRegen 0.18/turn    (no ring)
                     (no ring)

%: no teleportation
@: ice-armoured, swift, very quick
A: almost no armour, amphibious, 8 rings, camouflage 1, gelatinous body 1,
(nimble swimmer 1), tentacles, clever 1, strong-willed 1, poison resistance,
MP-powered wands
a: Renounce Religion, Channel Magic


You were in the Dungeon.
You worshipped Sif Muna.
Sif Muna was aware of your devotion.
You visited 1 branch You collected 27 gold pieces.

Inventory:

Hand Weapons
 c - a +2 long sword of holy wrath (weapon)
Scrolls
 h - 2 scrolls of immolation {unknown}
 i - a scroll of identify {unknown}
 k - a scroll of vulnerability {unknown}
Potions
 a - 2 potions of magic
 b - 3 potions of curing
 g - 2 potions of mutation
 j - 3 potions of enlightenment
 l - a potion of attraction {unknown}


   Skills:
 + Level 2.0 Fighting
 + Level 4.9 Dodging
 + Level 6.6 Stealth
 - Level 0.1 Unarmed Combat
 + Level 10.1 Spellcasting
 + Level 5.8 Conjurations
 + Level 0.5 Hexes
 + Level 11.5 Fire Magic


You had 2 spell levels left.
You knew the following spells:

 Your Spells              Type           Power      Damage    Failure   Level
a - Foxfire               Conj/Fire      100%       2x1d9     1%          1
b - Scorch                Fire           100%       2d9       1%          2
c - Inner Flame           Hex/Fire       41%        N/A       1%          3
d - Flame Wave            Conj/Fire      52%        2d13      1%          4
e - Ozocubu's Armour      Ice            12%        N/A       16%         3
f - Swiftness             Air            12%        N/A       16%         3
g - Airstrike             Air            6%         2d(1-17)  45%         4
h - Metabolic Englaciati  Hex/Ice        6%         N/A       78%         5

Your spell library contained the following spells:

 Spells                   Type           Power      Damage    Failure   Level
 Shock                    Conj/Air       100%       1d9       1%          1
 Volatile Blastmotes      Fire/Tloc      78%        2d16      1%          3
 Simulacrum               Ice/Necr       6%         N/A       100%        6


Dungeon Overview and Level Annotations

Branches:
Dungeon (1/1)

Altars:
Dithmenos
Elyvilon
Kikubaaqudgha
Okawaru
Ru
Sif Muna
Trog
Uskayaw
Vehumet
Wu Jian
Yredelemnul
Zin
The Shining One

Annotations:
D Snorg


Innate Abilities, Weirdness & Mutations

You cannot wear most types of armour.
You are amphibious.
You can wear up to eight rings at the same time.
Your skin changes colour to match your surroundings (Stealth+).
Your rubbery body absorbs attacks. (AC +1, EV +1)
((You are camouflaged when in or above water. (Stealth+)))
You have tentacles for arms and can constrict up to eight enemies at once.
Your mind is acute. (Int +4, Str/Dex -1)
You are strong-willed. (Will+)
Your system is resistant to poisons. (rPois)
You expend magic power (3 MP) to strengthen your wands.


Message History

Snorg the Insatiable comes into view.
Casting: Scorch (safe; 1% risk of failure)
Confirm with . or Enter, or press ? or * to list all spells.
A film of ice covers your body!
Casting: Ozocubu's Armour (dangerous; 16% risk of failure)
Confirm with . or Enter, or press ? or * to list all spells.
You feel quick.
Snorg shouts!
Casting: Swiftness (dangerous; 16% risk of failure)
Confirm with . or Enter, or press ? or * to list all spells.
Flames lash Snorg.
Snorg is lightly wounded.
Snorg's fire resistance burns away.
Casting: Scorch (safe; 1% risk of failure)
Confirm with . or Enter, or press ? or * to list all spells.
Casting: Flame Wave (dangerous; 1% risk of failure)
Press: ? - help, Dir - look around, f - activate A wave of flame ripples out!
The flame wave engulfs Snorg!
Snorg is burned terribly!
Snorg is moderately wounded. (Press . to intensify the flame waves.) Snorg is engulfed in a cloud of scalding steam.
Snorg goes berserk!
A wave of flame ripples out!
The flame wave engulfs Snorg!!
Snorg is burned terribly!
Snorg is heavily wounded.
Snorg is engulfed in a cloud of scalding steam.
Snorg closely misses you. Snorg claws you. Snorg claws you!
Unknown command.
A wave of flame ripples out!
The flame wave engulfs Snorg!!!
Snorg is burned terribly!
Snorg is severely wounded.
You finish channelling waves of flame.
Snorg is engulfed in a cloud of scalding steam.
Snorg bites you. Snorg claws you! Snorg barely misses you.
Snorg is engulfed in a cloud of scalding steam.
Snorg bites you. Snorg claws you!!
* * * LOW HITPOINT WARNING * * *
Snorg claws you!
You die...

♣♣.############
...#___#___#__#
.♣.#...#__.#._#
...###'#'###'##
.[.#......†...#
...'.⌠.....)..#
...#...######'#
...#.⌠.#
#...#+#####
...#...#
#...#.@§§§+
...#)###
#...#.#T§§#
...#)..#
#...'.#§§§#
...#___#
+...#.#..§#
▓▓▓▓▓▓▓▓
▓▓▓▓▓▓▓▓▓▓▓


You could see Snorg (berserk, combustible).

Vanquished Creatures
  A deep elf pyromancer (D)
  A shadow (D)
  A necrophage (D)
  A water elemental (D)
  A jelly (D)
  A necromancer (D)
  A wizard (D)
  3 humans (D)
  A kobold demonologist (D)
  A phantom (D)
  An endoplasm (D)
  3 rats (D)
16 creatures vanquished.

Vanquished Creatures (others)
  45 foxfires (D)
45 creatures vanquished.

Grand Total: 61 creatures vanquished

Notes
Turn   | Place    | Note
-------+----------+-------------------------------------------
     0 | D        | Conn the Octopode Fire Elementalist began the quest for the
                  | Orb.
     0 | D        | Reached XP level 1. HP: 11/11 MP: 3/3
   125 | D        | Reached skill level 4 in Fire Magic
   125 | D        | Reached XP level 2. HP: 8/17 MP: 0/6
   208 | D        | Reached XP level 3. HP: 21/21 MP: 3/7
   229 | D        | Gained mutation: Your system is resistant to poisons.
                  | (rPois) [potion of mutation]
   229 | D        | Gained mutation: Your mind is acute. (Int +4, Str/Dex -1)
                  | [potion of mutation]
   229 | D        | Gained mutation: You expend magic power (3 MP) to
                  | strengthen your wands. [potion of mutation]
   229 | D        | Gained mutation: You are strong-willed. (Will+) [potion of
                  | mutation]
   253 | D        | Learned a level 2 spell: Scorch
   257 | D        | Learned a level 3 spell: Inner Flame
   257 | D        | Noticed a water elemental
   268 | D        | Killed a water elemental
   269 | D        | Reached skill level 6 in Fire Magic
   269 | D        | Reached XP level 4. HP: 10/27 MP: 5/10
   343 | D        | Noticed a deep elf pyromancer
   349 | D        | Noticed a human
   353 | D        | Killed a human
   354 | D        | Reached skill level 1 in Fighting
   354 | D        | Reached skill level 5 in Stealth
   354 | D        | Reached skill level 8 in Fire Magic
   354 | D        | Reached XP level 5. HP: 33/33 MP: 4/13
   359 | D        | Noticed a fire elemental
   359 | D        | Noticed a fire elemental
   362 | D        | Killed a deep elf pyromancer
   363 | D        | Reached skill level 5 in Conjurations
   363 | D        | Reached skill level 10 in Fire Magic
   363 | D        | Reached XP level 6. HP: 35/39 MP: 1/17
   363 | D        | Reached XP level 7. HP: 40/44 MP: 1/19
   495 | D        | Noticed a human
   503 | D        | Killed a human
   504 | D        | Reached skill level 11 in Fire Magic
   568 | D        | Found a glowing silver altar of Zin.
   568 | D        | Found an ornate altar of the Wu Jian Council.
   569 | D        | Found a hide-covered altar of Uskayaw.
   569 | D        | Found a glowing golden altar of the Shining One.
   569 | D        | Found a bloodstained altar of Trog.
   570 | D        | Found an iron altar of Okawaru.
   570 | D        | Found a white marble altar of Elyvilon.
   587 | D        | Found a radiant altar of Vehumet.
   587 | D        | Found a shimmering blue altar of Sif Muna.
   587 | D        | Found an ancient bone altar of Kikubaaqudgha.
   604 | D        | Learned a level 4 spell: Flame Wave
   608 | D        | Learned a level 3 spell: Ozocubu's Armour
   612 | D        | Learned a level 3 spell: Swiftness
   617 | D        | Learned a level 4 spell: Airstrike
   618 | D        | Became a worshipper of Sif Muna the Loreminder
   638 | D        | Found a basalt altar of Yredelemnul.
   638 | D        | Found a shadowy altar of Dithmenos.
   638 | D        | Found a sacrificial altar of Ru.
   648 | D        | Reached XP level 8. HP: 33/50 MP: 5/21
   754 | D        | Reached * piety under Sif Muna
   754 | D        | Noticed a shadow
   758 | D        | Killed a shadow
   759 | D        | Reached skill level 10 in Spellcasting
   853 | D        | Learned a level 5 spell: Metabolic Englaciation
   857 | D        | Noticed Snorg
   863 | D        | Mangled by Snorg

Illustrated notes

Levels and vault maps discovered:
D:        dungeon_sprint_mu [sprint_mu_entry_forest, sprint_mu_temple_rooms,
          sprint_mu_d1_horrors, sprint_mu_d2_genie, sprint_mu_d3_branching,
          sprint_mu_orc_legion, sprint_mu_elf_gauntlet, sprint_mu_hive_nellie,
          sprint_mu_lair_fedhas, sprint_mu_vaults_butterflies,
          sprint_mu_slime_circle, sprint_mu_swamp_cave, sprint_mu_snake_twists,
          sprint_mu_blade_basic, sprint_mu_crypt_lich, sprint_mu_tomb_spiral,
          sprint_mu_vestibule_basic, sprint_mu_gehenna_hellfire,
          sprint_mu_dis_giant, sprint_mu_tartarus_statrot,
          sprint_mu_cocytus_islands, sprint_mu_zot1]

Skill      XL: |  1  2  3  4  5  6  7  8 |
---------------+-------------------------+-----
Stealth        | 4 5 6 |  6.6
Spellcasting   | 3 4 6 8 9 10 | 10.1
Fire Magic     | 4 6 8 10 11 | 11.5
Dodging        | 3 4 |  4.9
Conjurations   | 2 3 5 |  5.8
Fighting       | 1 2 |  2.0
Unarmed Combat | |  0.1
Hexes          | |  0.5

Action                     |  1- 3 |  4- 6 |  7- 9 || total
---------------------------+-------+-------+-------++-------
  Melee: Unarmed           |     3 |     1 |       ||     4
         Constrict         |     1 |       |       ||     1
   Cast: Foxfire           |    17 |     3 |     7 ||    27
         Scorch            |     3 |     4 |    13 ||    20
         Inner Flame       |       |       |     5 ||     5
         Ozocubu's Armour  |       |       |     1 ||     1
         Swiftness         |       |       |     1 ||     1
         Flame Wave        |       |       |     1 ||     1
    Use: Potion            |     2 |     3 |       ||     5
         Scroll            |     1 |       |       ||     1
  Dodge: Dodged            |     4 |     2 |     6 ||    12

Table legend: (Time is in decaauts)
 A = Elapsed time spent in this place.
 B = Non-inter-level travel time spent in this place.
 C = Inter-level travel time spent in this place.
 D = Time resting spent in this place.
 E = Time spent auto-exploring this place.
 F = Levels seen in this place.
 G = Mean time per level.
                   A        B        C        D        E       F      G
               +--------+--------+--------+--------+--------+-----+--------+
         Total |    857 |    857 |      0 |    407 |     93 |   1 |  857.0 |
       Dungeon |    857 |    857 |      0 |    407 |     93 |   1 |  857.0 |
               +--------+--------+--------+--------+--------+-----+--------+

Top non-repeatable levels by time:
       D: 857 daAuts
